 Dungeon Sprint DCSS version 0.30-a0-1112-gfb780f5df6 (webtiles) character file.

Game seed: 600703870090570776

108 sircluck the Cleaver (level 4, -6/48 HPs)
             Began as a Hill Orc Berserker on Apr 19, 2023.
             Was a Believer of Trog.
             Mangled by a water elemental (18 damage)
             ... in the Dungeon (Sprint III: "The Ten Rune Challenge").
             The game lasted 00:01:05 (244 turns).

sircluck the Cleaver (Hill Orc Berserker)            Turns: 244, Time: 00:01:06

Health: -6/48      AC:  4    Str: 21    XL:     4   Next: 87%
Magic:  4/4        EV: 12    Int:  7    God:    Trog [**....]
Gold:   8          SH:  0    Dex: 10    Spells: 3/3 levels left

rFire   . . .      SeeInvis .    a - +0 hand axe
rCold   . . .      Faith    .    (no shield)
rNeg    . . .      Spirit   .    k - +2 robe
rPois   .          Reflect  .    (no helmet)
rElec   .          Rampage  .    (no cloak)
rCorr   .          NoTele   +    (no gloves)
Will    .....                    (no boots)
Stlth   +                        (no amulet)
HPRegen 0.28/turn                (no ring)
MPRegen 0.09/turn                (no ring)

@: on berserk cooldown
A: no striking features
a: Renounce Religion, Berserk, Trog's Hand


You were in the Dungeon.
You worshipped Trog.
Trog was pleased with you.
You visited 1 branch You collected 8 gold pieces.

Inventory:

Hand Weapons
 a - a +0 hand axe (weapon)
Armour
 b - a +0 animal skin
 k - a +2 robe (worn)
Scrolls
 h - a scroll of blinking
 i - a scroll of silence {unknown}
 j - 4 scrolls of identify
 l - 2 scrolls of torment {unknown}
 n - a scroll of immolation {unknown}
Potions
 c - a potion of curing
 d - 2 potions of heal wounds
 e - a potion of haste
 f - 2 potions of magic
 g - a potion of berserk rage
 m - a potion of invisibility {unknown}


   Skills:
 + Level 7.8 Fighting
 + Level 8.5 Axes
 + Level 3.8 Armour
 + Level 2.8 Dodging


You had 3 spell levels left.
You didn't know any spells.
Your spell library was empty.

Dungeon Overview and Level Annotations

Branches:
Dungeon (1/1)

Altars:


Message History

a potion of mutation; 2 potions of mutation You now have 8 gold pieces (gained 1).
There is an open door here.
You open the door.
A water elemental comes into view.
You're still recovering from your berserk rage.
You slash the water elemental!
The water elemental is moderately damaged.
The water elemental hits you!
You hit the water elemental.
The water elemental is moderately damaged.
The water elemental hits you.
You hit the water elemental but do no damage.
The water elemental is moderately damaged.
You feel yourself speed up. The water elemental barely misses you.
You hit the water elemental but do no damage.
The water elemental is moderately damaged.
The water elemental hits you!!
The water elemental engulfs you in water!
You're still recovering from your berserk rage.
You slip free of the water engulfing you.
You gasp with relief as air once again reaches your lungs.
You hit the water elemental.
The water elemental is heavily damaged.
The water elemental hits you!
The water elemental engulfs you in water!
You slip free of the water engulfing you.
You gasp with relief as air once again reaches your lungs.
You hit the water elemental.
The water elemental is severely damaged.
The water elemental hits you.
* * * LOW HITPOINT WARNING * * *
The water elemental engulfs you in water!
You slip free of the water engulfing you.
You gasp with relief as air once again reaches your lungs.
You hit the water elemental but do no damage.
The water elemental is severely damaged.
The water elemental hits you!!
You die...

▓<..#...#### ##.#
▓...#......#####..#
▓..##...)...#!!#..#
▓##.##.##.†.#..#..# #+#+#
##.##.###..##'#..#......
▓#.####.##..###...'.⌠....
▓.###..##..####...#...###
▓#.....##..###....# ⌠.#
###..##...##.@E..# .#
##..##....#......# #
#..###..##.#.....# #..#
#..#####....# ▓▓▓▓ ▓▓▓▓
▓▓▓▓▓▓


You could see a water elemental.

Vanquished Creatures
  A scorpion (D)
  Jessica (D)
  A human (D)
  2 endoplasms (D)
  A rat (D)
6 creatures vanquished.

Notes
Turn   | Place    | Note
-------+----------+-------------------------------------------
     0 | D        | sircluck the Hill Orc Berserker began the quest for the
                  | Orb.
     0 | D        | Reached XP level 1. HP: 19/19 MP: 1/1
    33 | D        | Noticed Jessica
    40 | D        | Killed Jessica
    40 | D        | Reached ** piety under Trog
    41 | D        | Reached skill level 5 in Fighting
    41 | D        | Reached skill level 6 in Axes
    41 | D        | Reached XP level 2. HP: 28/30 MP: 2/2
    41 | D        | Reached XP level 3. HP: 35/37 MP: 3/3
   207 | D        | Noticed a scorpion
   211 | D        | Killed a scorpion
   212 | D        | Reached skill level 8 in Axes
   212 | D        | Reached XP level 4. HP: 48/48 MP: 4/4
   234 | D        | Noticed a water elemental
   244 | D        | Mangled by a water elemental

Illustrated notes

Levels and vault maps discovered:
D:        dungeon_sprint_mu [sprint_mu_entry_cave, sprint_mu_temple_rooms,
          sprint_mu_d1_horrors, sprint_mu_d2_genie, sprint_mu_d3_branching,
          sprint_mu_orc_legion, sprint_mu_elf_gauntlet, sprint_mu_hive_nellie,
          sprint_mu_lair_fedhas, sprint_mu_vaults_butterflies,
          sprint_mu_slime_circle, sprint_mu_swamp_cave, sprint_mu_shoals_kraken,
          sprint_mu_blade_basic, sprint_mu_crypt_lich, sprint_mu_tomb_spiral,
          sprint_mu_vestibule_basic, sprint_mu_gehenna_hellfire,
          sprint_mu_dis_giant, sprint_mu_tartarus_statrot,
          sprint_mu_cocytus_islands, sprint_mu_zot1]

Skill      XL: |  1  2  3 |
---------------+----------+-----
Fighting       | 5 7 |  7.8
Axes           | 6 8 |  8.5
Armour         | 3 |  3.8
Dodging        | 2 |  2.8

Action                     |  1- 3 |  4- 6 || total
---------------------------+-------+-------++-------
  Melee: Hand axe          |    20 |     7 ||    27
 Invoke: Berserk           |     3 |       ||     3
 Armour: Robe              |       |     1 ||     1
  Dodge: Dodged            |     4 |     1 ||     5

Table legend: (Time is in decaauts)
 A = Elapsed time spent in this place.
 B = Non-inter-level travel time spent in this place.
 C = Inter-level travel time spent in this place.
 D = Time resting spent in this place.
 E = Time spent auto-exploring this place.
 F = Levels seen in this place.
 G = Mean time per level.
                   A        B        C        D        E       F      G
               +--------+--------+--------+--------+--------+-----+--------+
         Total |    270 |    267 |      3 |     48 |    114 |   1 |  270.0 |
       Dungeon |    270 |    267 |      3 |     48 |    114 |   1 |  270.0 |
               +--------+--------+--------+--------+--------+-----+--------+

Top non-repeatable levels by time:
       D: 270 daAuts
